 Dungeon Crawl Stone Soup version 0.31-a0-232-gb1c03b2570 (webtiles) character file.

Game seed: 1784075448926568977

187 qw the Shooter (level 5, -5/40 (45) HPs)
             Began as a Minotaur Hexslinger on July 7, 2023.
             Slain by Pikel
             ... wielding a +1 whip of flaming
              (9 damage)
             ... on level 4 of the Dungeon.
             The game lasted 00:01:11 (3579 turns).

qw the Shooter (Minotaur Hexslinger)                Turns: 3579, Time: 00:01:12

HP:   -5/40 (45)    AC:  5    Str: 12 (13) XL:     5   Next: 39%
MP:   5/5           EV: 11    Int:  8 (10) God:
Gold: 211           SH:  0    Dex: 14      Spells: 5/6 levels left

rFire   . . .        Y - +1 sling
rCold   . . .        (no shield)
rNeg    . . .        b - +0 ring mail
rPois   +            (helmet restricted)
rElec   .            (no cloak)
rCorr   .            (no gloves)
SInv    .            (no boots)
Will    .....        (no amulet)
Stlth   +            j - ring of poison resistance
HPRegen 0.26/turn    (no ring)
MPRegen 0.09/turn

%: no passive effects
@: heavily drained
A: horns 2, retaliatory headbutt
a: no special abilities


You were on level 4 of the Dungeon.
You visited 1 branch of the dungeon, and saw 4 of its levels.

You collected 211 gold pieces.


Innate Abilities, Weirdness & Mutations

You have a pair of horns on your head.
You reflexively headbutt those who attack you in melee.


   Skills:
 - Level 3.3 Fighting
 + Level 5.3 Ranged Weapons
 - Level 1.2 Armour
 - Level 2.1 Dodging
 - Level 1.0 Spellcasting
 - Level 2.0 Hexes


You had 5 spell levels left.
You knew the following spells:

 Your Spells              Type           Power      Damage    Failure   Level
a - Slow                  Hex            12%        N/A       36%         1

Your spell library contained the following spells:

 Spells                   Type           Power      Damage    Failure   Level
 Inner Flame              Hex/Fire       2%         N/A       87%         3
 Portal Projectile        Hex/Tloc       4%         N/A       87%         3
 Cause Fear               Hex            1%         N/A       98%         4

Inventory:

Hand Weapons
 Y - a +1 sling (weapon)
Armour
 b - a +0 ring mail (worn)
 d - a +1 pair of gloves
Jewellery
 j - a ring of poison resistance (left hand)
Scrolls
 c - 2 scrolls of identify
Potions
 a - a potion of ambrosia {unknown}
 e - a potion of enlightenment {unknown}
 f - 3 potions of curing
 g - a potion of magic {unknown}
 h - 2 potions of might
 k - a potion of cancellation {unknown}

Dungeon Overview and Level Annotations

Branches:
Dungeon (4/15)
 Temple: D:4-7

Altars:
Zin

Shops:
D:2 (

Annotations:
D:4 Pikel


Message History

You shoot a sling bullet. The sling bullet misses the lemure.
The sling bullet hits the lemure.
The lemure is moderately wounded.
The lemure closely misses you. Pikel hits you but does no damage.
You shoot a sling bullet. The sling bullet hits the lemure.
The lemure is almost dead.
The lemure hits you.
Pikel cracks his whip.
Pikel hits you with a +1 whip of flaming.
Pikel burns you.
You shoot a sling bullet.
The sling bullet closely misses the lemure.
The sling bullet hits the lemure.
The lemure is heavily wounded.
Pikel hits you with a +1 whip of flaming.
Pikel burns you. The lemure barely misses you. The lemure hits you.
Pikel hits you but does no damage.
You shoot a sling bullet.
The sling bullet closely misses the lemure.
The sling bullet barely misses the lemure.
The sling bullet closely misses the lemure.
The lemure barely misses you. You furiously retaliate!
You headbutt the lemure, but do no damage.
Pikel completely misses you.
You shoot a sling bullet.
The sling bullet barely misses the lemure.
The sling bullet hits the lemure.
The lemure is heavily wounded.
The lemure barely misses you. Pikel barely misses you.
You shoot a sling bullet. The sling bullet hits the lemure.
You kill the lemure!
That felt strangely unrewarding.
Pikel barely misses you. The lemure hits you but does no damage.
Pikel hits you with a +1 whip of flaming.
Pikel burns you.
You shoot a sling bullet. The sling bullet misses the lemure.
The sling bullet closely misses the lemure.
The lemure hits you.
Pikel hits you with a +1 whip of flaming!
You die...

#.# #.....# #
#..##.#
#..##.#
###..##.#
##.#..##.#
####..%..##.#
.
+...........#
#
####...#.####
##@##.#
#5K..# #5####
#.# #.# #.#
#.# ..#


You could see Pikel and 2 lemures.

Vanquished Creatures
  2 lemures (D:4)
  An iguana (D:4)
  Natasha (twice) (D:2)
  2 adders (D:4)
  4 dart slugs
  8 orcs
  8 endoplasms
  5 giant cockroaches
  6 goblins
  7 hobgoblins
  7 jackals (D:1)
  7 kobolds
  3 quokkas
  5 ball pythons
  2 bats (D:2)
  A frilled lizard (D:2)
  5 rats
75 creatures vanquished.

Notes
Turn   | Place    | Note
-------+----------+-------------------------------------------
     0 | D:1      | qw the Minotaur Hexslinger began the quest for the Orb.
     0 | D:1      | Reached XP level 1. HP: 16/16 MP: 1/1
     0 | D:1      | 0 ||| qw: Version: 0.3-a-46-gb1f654a
     0 | D:1      | 0 ||| qw: Game counter: 2707
     0 | D:1      | 0 ||| qw: Melee chars always use a shield: true
     0 | D:1      | 0 ||| qw: God list: Okawaru
     0 | D:1      | 0 ||| qw: Allow faded altars: false
     0 | D:1      | 0 ||| qw: Do Orc after clearing Dungeon:15 true
     0 | D:1      | 0 ||| qw: Do second Lair branch before Depths: true
     0 | D:1      | 0 ||| qw: Lair rune preference: random
     0 | D:1      | 0 ||| qw: Goals: Normal
     0 | D:1      | 0 ||| PLANNING D:1-11
   176 | D:1      | Reached skill level 3 in Ranged Weapons
   181 | D:1      | Reached XP level 2. HP: 20/23 MP: 2/2
   783 | D:1      | Reached XP level 3. HP: 27/29 MP: 3/3
  1041 | D:1      | 1041 ||| UPGRADING to +0 leather armour.
  1051 | D:1      | 1051 ||| DROPPING +0 robe.
  1052 | D:1      | 1052 ||| READING scroll labelled HIFOSIRE BYGOI.
  1053 | D:1      | 1053 ||| READING scroll labelled TAKLOTZITZ.
  1054 | D:1      | 1054 ||| READING scroll labelled OSHEOBL DUXEFF.
  1107 | D:1      | 1107 ||| READING scroll labelled QOT MUTOXZIDD.
  1110 | D:1      | 1110 ||| DRINKING 3 green potions.
  1111 | D:1      | 1111 ||| DROPPING scroll of poison.
  1228 | D:2      | Found Hedwec's Weapon Shop.
  1300 | D:2      | Reached skill level 4 in Ranged Weapons
  1326 | D:2      | 1326 ||| FLEEEEING.
  1327 | D:2      | 1327 ||| FLEEEEING.
  1529 | D:2      | Noticed Natasha
  1535 | D:2      | Killed Natasha
  1536 | D:2      | Reached XP level 4. HP: 17/36 MP: 4/4
  1629 | D:2      | 1629 ||| Stepping ~*~*~tactically~*~*~ (outnumbered).
  1926 | D:2      | Noticed Natasha
  1931 | D:2      | Killed Natasha
  1932 | D:2      | Reached skill level 5 in Ranged Weapons
  1992 | D:2      | 1992 ||| UPGRADING to ring of poison resistance.
  1993 | D:2      | 1993 ||| READING 2 scrolls labelled IRHOIVUGEKH.
  1994 | D:2      | 1994 ||| READING scroll labelled UNEUGR GAKAOST.
  1995 | D:2      | 1995 ||| DRINKING 2 pink potions.
  1996 | D:2      | 1996 ||| DRINKING 2 silvery potions.
  1997 | D:2      | 1997 ||| DROPPING scroll of vulnerability.
  1998 | D:2      | 1998 ||| DROPPING potion of degeneration.
  2174 | D:3      | Found a glowing silver altar of Zin.
  2289 | D:3      | HP: 6/28 [orc/+0 whip (6)]
  2290 | D:3      | 2290 ||| READING scroll of teleportation.
  2290 | D:3      | HP: 2/28 [orc/+0 whip (3)]
  2916 | D:3      | 2916 ||| UPGRADING to +0 ring mail.
  2926 | D:3      | 2926 ||| DROPPING +0 leather armour.
  2927 | D:3      | 2927 ||| READING scroll labelled EDGHYS USTRYWU.
  3042 | D:4      | Reached XP level 5. HP: 26/35 MP: 5/5
  3188 | D:4      | Reached skill level 1 in Armour
  3390 | D:4      | Reached skill level 3 in Fighting
  3489 | D:4      | Noticed a lemure
  3502 | D:4      | Killed a lemure
  3564 | D:4      | Noticed a lemure
  3564 | D:4      | Noticed a lemure
  3564 | D:4      | Noticed Pikel
  3567 | D:4      | Noticed a lemure
  3575 | D:4      | HP: 10/40 [lemure[Pikel] (3)]
  3578 | D:4      | Killed a lemure
  3579 | D:4      | HP: 4/40 [lemure[Pikel] (5)]
  3579 | D:4      | Slain by Pikel

Levels and vault maps discovered:
D:1:      dpeg_arrival_rhombi, layout_basic, hangedman_abyss_or_decor_stabs
D:2:      layout_basic, serial_shops, shop, grunt_decor_mini_mirrors,
          uniq_natasha
D:3:      layout_basic, zin_statuary
D:4:      layout_loops_corners, kennysheep_little_box, uniq_menkaure, uniq_pikel

Skill      XL: |  1  2  3  4  5 |
---------------+----------------+-----
Ranged Weapons | 3 4 5 |  5.3
Fighting       | 2 3 |  3.3
Armour         | 1 |  1.2
Dodging        | |  2.1
Spellcasting   | |  1.0
Hexes          | |  2.0

Action                     |  1- 3 |  4- 6 || total
---------------------------+-------+-------++-------
   Fire: Sling             |   135 |   139 ||   274
    Use: Scroll            |     4 |     4 ||     8
         Potion            |     1 |     2 ||     3
 Armour: Robe              |     8 |       ||     8
         Leather armour    |    13 |    14 ||    27
         Ring mail         |       |     8 ||     8
  Dodge: Dodged            |    29 |    59 ||    88

Table legend:
 A = Non-vault XP
 B = Vault XP
 C = Vault XP percentage of total XP
 D = Non-vault monster count
 E = Vault monster count
 F = Vault count percentage of total count
                 A         B        C        D         E       F
            +---------+---------+-------+---------+---------+-------
      Total |     233 |      35 |  13.1 |      72 |       1 |   1.4
            +---------+---------+-------+---------+---------+-------
        D:1 |      44 |       0 |   0.0 |      25 |       0 |   0.0
        D:2 |      75 |      35 |  31.8 |      23 |       1 |   4.2
        D:3 |      32 |       0 |   0.0 |      13 |       0 |   0.0
        D:4 |      82 |       0 |   0.0 |      11 |       0 |   0.0
            +---------+---------+-------+---------+---------+-------
